 Dungeon Crawl Stone Soup version 0.14.1-27-g0f46f74 (webtiles) character file.

881 Kae the Sneak (level 7, -3/32 HPs)
             Began as a Spriggan Enchanter on Aug 7, 2014.
             Killed from afar by an orc wizard (8 damage)
             ... with a puff of flame
             ... on Level 5 of the Dungeon.
             The game lasted 00:09:44 (5314 turns).

Kae the Sneak (Spriggan Enchanter)                  Turns: 5314, Time: 00:09:45

HP  -3/32        AC  6     Str  6      XL: 7   Next: 31%
MP  12/21        EV 18     Int 16      God:
Gold 217         SH  0     Dex 17      Spells:  3 memorised,  8 levels left

rFire  . . .     SeeInvis +     a - +2,+1 dagger
rCold  . . .     Clarity  .     t - +1 robe
rNeg   . . .     Conserve .     (shield restricted)
rPois  .         rCorr    .     (helmet restricted)
rElec  .         rRot     .     u - +2 cloak {+Inv}
SustAb . .       Spirit   .     (gloves unavailable)
rMut   .         Warding  .     (boots unavailable)
Saprov . . .     Stasis   .     (no amulet)
MR     +....                    (no ring)
                                (no ring)

@: very quick, somewhat resistant to hostile enchantments, very stealthy
A: unfitting armour, see invisible, herbivore 3, speed 3, slow metabolism 2
a: Evoke Invisibility


You were on level 5 of the Dungeon.
You were not hungry.

You visited 1 branch of the dungeon, and saw 5 of its levels.

You collected 217 gold pieces.

Inventory:

Hand weapons
 a - a +2,+1 dagger (weapon)
 b - a +0,+0 dagger
Missiles
 d - 12 darts (quivered)
Armour
 t - a +1 robe (worn)
 u - a +2 cloak of darkness (worn)
 x - a +0 cloak
Magical devices
 q - a wand of hasting (7)
 v - a wand of random effects (12) {unknown}
Comestibles
 n - 3 bread rations
Scrolls
 g - 12 scrolls of identify
 i - 2 scrolls of blinking
 j - a scroll of magic mapping
 o - 2 scrolls of fog
 s - a scroll of teleportation
 w - a scroll of immolation
Potions
 e - a potion of curing {unknown}
 f - 3 potions of haste
 l - 2 potions of heal wounds {unknown}
 m - 2 potions of might {unknown}
 p - 2 potions of brilliance {unknown}
 r - 2 potions of agility {unknown}
Books
 c - a book of Maledictions

   Spells                             Type                      Level
   *Corona                            Hexes                        1
   Sure Blade                         Hexes/Charms                 2
   *Ensorcelled Hibernation           Hexes/Ice                    2
   *Confuse                           Hexes                        3
   Enslavement                        Hexes                        4
   Invisibility                       Hexes                        6
 h - a book of Enchantments

   Spells                             Type                      Level
   Cause Fear                         Hexes                        4
   Silence                            Hexes/Air                    5
   Tukima's Dance                     Hexes                        5
   Deflect Missiles                   Charms/Air                   6
   Haste                              Charms                       6
   Discord                            Hexes                        8
 k - a book of the Earth

   Spells                             Type                      Level
   Leda's Liquefaction                Hexes/Earth                  4
   Bolt of Magma                      Conjuration/Fire/Earth       5
   Statue Form                        Transmutation/Earth          6
   Iron Shot                          Conjuration/Earth            6
   Shatter                            Earth                        9


   Skills:
 * Level 5.7 Short Blades
 - Level 1.1 Throwing
 - Level 3.0 Dodging
 * Level 7.6 Stealth
 + Level 4.3 Spellcasting
 + Level 5.0 Hexes


You had 8 spell levels left.
You knew the following spells:

 Your Spells              Type           Power        Failure   Level  Hunger
a - Corona                Hex            ###....      1%          1    None
b - Ensorcelled Hibernat  Hex/Ice        ##....       10%         2    ##.....
c - Confuse               Hex            ###.....     8%          3    ###....


Dungeon Overview and Level Annotations

Branches:
Dungeon (5/15)
 Temple: D:4-7

Altars:
Cheibriados

Shops:
D:4 :

Annotations:
D:5 Menkaure


Innate Abilities, Weirdness & Mutations

You are tiny and cannot use many weapons and most armour.
You have supernaturally acute eyesight.
You are a herbivore.
You cover ground extremely quickly.
You need consume almost no food.


Message History

You hit the orc wizard but do no damage.
The orc wizard is heavily wounded.
The orc wizard closely misses the orc priest.
You hit the orc wizard.
The orc wizard is heavily wounded.
The orc hits you with a quarterstaff!
You barely miss the orc wizard.
The orc wizard is heavily wounded.
The orc priest calls down the wrath of Beogh upon you.
Something smites you!
* * * LOW HITPOINT WARNING * * *
The orc wizard hits the orc priest with a flail.
You hit the orc wizard.
The orc wizard is heavily wounded.
The orc closely misses you. The orc priest hits you with a flail.
* * * LOW HITPOINT WARNING * * *
The orc wizard seems less confused.
The orc wizard gestures at you while chanting.
The puff of flame hits you!
You die...

#.........####....###
'.....o.o.'.........#
#.........###o....#.#
##.......## #.#.#.#.#
##..)..## #.##..#.#
##...## #.##.##.#
##+## #.(ooo..# #.#
## ####.#### #.#
##.#####@##
##.###.#.....#.#
####...###.#####.##
...........# ###
.###...##### .# ##.##
.# ### ##


You could see an orc priest, an orc wizard and an orc.

Vanquished Creatures
  A sky beast (D:5)
  2 ogres (D:4)
  A phantom (D:4)
  A crimson imp (D:5)
  Crazy Yiuf (D:4)
  2 hounds (D:4)
  An iguana (D:4)
  A worker ant (D:4)
  A worker ant zombie (D:2)
  3 adders
  A giant mite (D:2)
  An adder zombie (D:2)
  5 giant geckos
  2 oozes
  12 orcs
  A giant cockroach (D:3)
  7 hobgoblins
  8 jackals
  8 kobolds
  6 bats
  3 giant newts
  A giant newt skeleton (D:2)
  2 giant newt zombies (D:2)
  7 goblins
  2 hobgoblin zombies (D:2)
  A kobold zombie (D:2)
  An orc skeleton (D:2)
  3 quokkas
  8 rats
  A rat skeleton (D:4)
  2 rat zombies (D:2)
  A fungus (D:4)
97 creatures vanquished.

Notes
Turn   | Place    | Note
--------------------------------------------------------------
     0 | D:1      | Kae, the Spriggan Enchanter, began the quest for the Orb.
     0 | D:1      | Reached XP level 1. HP: 9/9 MP: 4/4
   907 | D:2      | Reached XP level 2. HP: 13/13 MP: 7/7
   911 | D:2      | Learned a level 2 spell: Ensorcelled Hibernation
  1943 | D:2      | Reached skill level 4 in Stealth
  1943 | D:2      | Reached XP level 3. HP: 14/16 MP: 9/9
  1948 | D:2      | Learned a level 3 spell: Confuse
  3033 | D:3      | Reached XP level 4. HP: 18/21 MP: 12/12
  3468 | D:3      | Found a snail-covered altar of Cheibriados.
  3484 | D:3      | Reached skill level 5 in Stealth
  3762 | D:4      | Noticed a phantom
  3765 | D:4      | Noticed an ogre
  3766 | D:4      | Noticed an ogre
  3786 | D:4      | Killed an ogre
  3786 | D:4      | Reached XP level 5. HP: 22/24 MP: 11/16
  3792 | D:4      | Killed an ogre
  3792 | D:4      | Reached skill level 6 in Stealth
  3792 | D:4      | Reached XP level 6. HP: 25/28 MP: 11/18
  3877 | D:4      | Killed a phantom
  4051 | D:4      | Reached skill level 5 in Short Blades
  4422 | D:4      | Found Vithrump's Book Shoppe.
  4570 | D:4      | Reached skill level 7 in Stealth
  4944 | D:4      | Noticed Crazy Yiuf
  4949 | D:4      | Killed Crazy Yiuf
  4949 | D:4      | Reached XP level 7. HP: 32/32 MP: 18/21
  5021 | D:5      | Entered Level 5 of the Dungeon
  5139 | D:5      | Reached skill level 5 in Hexes
  5239 | D:5      | Noticed Menkaure
  5314 | D:5      | Killed from afar by an orc wizard

Action                   |  1- 3 |  4- 6 |  7- 9 || total
-------------------------+-------+-------+-------++-------
Melee: Dagger            |   188 |   183 |    28 ||   399
Throw: Dart              |       |     2 |       ||     2
 Cast: Ensorcelled Hiber |     9 |    36 |     5 ||    50
       Confuse           |       |     6 |     2 ||     8
Evoke: Wand              |       |     1 |       ||     1
  Use: Potion            |       |     1 |       ||     1
       Scroll            |       |    10 |       ||    10
 Stab: Sleeping          |    11 |    32 |     2 ||    45
       Distracted        |       |     1 |       ||     1
       Confused          |       |     1 |     1 ||     2
